Map: Blackburn LE

Players

ProtossImba

  • Race: Zerg Zerg
  • League: Diamond

Nadie - Winner!

  • Race: Zerg Zerg
  • League: Diamond

VOD

Have the link to the VOD?

Description

Time

  • Played on: Aug. 30, 2021, 9 a.m.
  • Length: 3:20
Show
View Real Time Build Order
Export as new Build Order

ProtossImba Zerg 

Build Orders: Hatch First 

Get SALT Encoding   

  12  0:00  Drone  
  13  0:14  Overlord  
  13  0:17  Drone  
  14  0:33  Drone x2  
  16  0:50  Hatchery  
  16  0:54  Drone  
  16  0:55  Drone  
  17  0:59  Drone  
  18  1:09  Extractor  
  17  1:15  Spawning Pool  
  17  1:18  Drone  
  17  1:22  Drone  
  18  1:30  Drone  
  19  1:41  Drone  
  20  1:52  Overlord  
  20  2:04  Zergling x4  
  22  2:13  Spine Crawler  
  20  2:17  Zergling x4  
  20  2:25  Spine Crawler  
  7  2:44  Drone  
  7  2:50  Drone  
Show
View Real Time Build Order
Export as new Build Order

Nadie Zerg - Winner!

Build Orders: Pool Only 

Get SALT Encoding   

  12  0:18  Spawning Pool  
  11  0:24  Drone  
  11  0:27  Drone  
  13  0:37  Overlord  
  13  1:04  Zergling x2  
  13  1:05  Zergling x4  
  16  1:16  Zergling x2  
  17  1:28  Zergling x2  
  18  1:42  Zergling x2  
  19  1:49  Zergling x2  
  20  2:05  Spine Crawler  
  20  2:07  Spine Crawler  
  20  2:08  Spine Crawler  
  17  2:19  Zergling x2  
  18  2:32  Zergling x2  
  14  2:51  Drone  
Tags
 
Add a new tag
Caveats
  • Supply blocks, unpowered buildings, or Contaminate may cause inaccurate times.
  • Supply counts are checked every 10 seconds.